 Dungeon Crawl Stone Soup version 0.17.1-3-g152610e (webtiles) character file.

161 manyhoops the Chopper (level 5, -5/41 HPs)
             Began as a Demonspawn Gladiator on Apr 23, 2016.
             Killed by divine providence
             ... invoked by an orc priest
              (9 damage)
             ... on level 3 of the Dungeon.
             The game lasted 00:04:47 (2424 turns).

manyhoops the Chopper (Demonspawn Gladiator)        Turns: 2424, Time: 00:04:47

Health: -5/41      AC:  8    Str: 16    XL:     5   Next: 19%
Magic:  5/5        EV: 11    Int:  9    God:
Gold:   233        SH:  0    Dex: 14    Spells: 0 memorised, 4 levels left

rFire  . . .     SeeInvis .     a - +0 war axe
rCold  . . .     Clarity  .     k - +0 ring mail
rNeg   . . .     SustAt   .     (no shield)
rPois  .         Gourm    .     c - +0 helmet
rElec  .         Spirit   .     j - +0 cloak
rCorr  .         Warding  .     (no gloves)
rMut   .         Stasis   .     (no boots)
MR     .....                    i - amulet of regeneration
Stlth  +.........               (no ring)
                                (no ring)

@: very slightly contaminated, hasted, very quick, not resistant to hostile
enchantments, very unstealthy
A: molten scales 1, spiny 1
a: no special abilities


You were on level 3 of the Dungeon.
You were very hungry.

You visited 1 branch of the dungeon, and saw 4 of its levels.

You collected 233 gold pieces.

Inventory:

Hand Weapons
 a - a +0 war axe (weapon)
Missiles
 d - 3 throwing nets (quivered)
Armour
 b - a +0 leather armour
 c - a +0 helmet (worn)
 j - a +0 cloak (worn)
 k - a +0 ring mail (worn)
Jewellery
 i - an amulet of regeneration (around neck)
Wands
 n - a wand of cold (3)
Scrolls
 o - a scroll of amnesia
 q - a scroll of remove curse
 r - 2 scrolls of recharging {unknown}
 x - a scroll of identify {unknown}
Potions
 f - 2 potions of haste
 g - 3 potions of brilliance {unknown}
 h - 2 potions of cancellation {unknown}
 l - a potion of magic {unknown}
 m - a potion of heal wounds {unknown}
 p - a potion of mutation {unknown}
 s - a potion of berserk rage {unknown}
 t - a potion of curing {unknown}
 v - 3 potions of resistance {unknown}
Comestibles
 e - a bread ration
 u - a beef jerky
 w - a meat ration


   Skills:
 * Level 3.5 Fighting
 + Level 4.1 Axes
 + Level 1.9 Throwing
 + Level 1.5 Armour
 - Level 2.6 Dodging


You had 4 spell levels left.
You didn't know any spells.

Dungeon Overview and Level Annotations

Branches:
Dungeon (4/15)
 Temple: D:4-7

Altars:
Ru
The Shining One


Innate Abilities, Weirdness & Mutations

You are partially covered in molten scales (AC +1).
You are partially covered in sharp spines.


Message History

a dagger; a robe You closely miss the orc priest.
The orc priest is heavily wounded.
You hit the orc.
You kill the orc!
The orc priest mumbles some strange prayers to Beogh against you.
Something smites you!
* * * LOW HITPOINT WARNING * * *
You hit the orc priest.
The orc priest is heavily wounded.
The orc priest barely misses you.
You closely miss the orc priest.
The orc priest is heavily wounded.
The orc priest is struck by your spines.
The orc priest barely misses you.
You hit the orc priest but do no damage.
The orc priest is almost dead.
The orc priest invokes the aid of Beogh against you.
Something smites you!
You die...

#.#.# #.# #.# ##.#
#.#.#####.# #.# #.
#.#.#.....# #.# #.
#.#.#>##### #.#
#........# #.#
###.#.##.# #.#
#####.#
#.#.##.####.#
#>....#
#...[...))..###
#.#####
###....o@.....# #.#
####.######.####.##
#.# #.##....### #.#
#.##.)PP..# #.#
#.##....#.# #.#
#.##...P#.#
#.######.##..#.#.#
............#.#)##
#######....##....##


You could see an orc priest.

Vanquished Creatures
  An orc wizard (D:3)
  3 adders
  An ooze (D:1)
  An adder skeleton (D:3)
  2 worms
  7 giant geckos
  6 orcs (D:3)
  A ball python (D:1)
  10 hobgoblins
  8 jackals
  7 kobolds
  12 bats
  A giant cockroach (D:3)
  3 giant newts
  9 goblins
  A quokka (D:2)
  11 rats
84 creatures vanquished.

Notes
Turn   | Place    | Note
--------------------------------------------------------------
     0 | D:1      | manyhoops the Demonspawn Gladiator began the quest for the Orb.
     0 | D:1      | Reached XP level 1. HP: 16/16 MP: 1/1
    51 | D:1      | Reached skill level 3 in Axes
    70 | D:1      | Gained mutation: You are partially covered in molten scales (AC +1). [demonic ancestry]
    70 | D:1      | Reached XP level 2. HP: 13/22 MP: 2/2
   854 | D:1      | Reached XP level 3. HP: 22/27 MP: 3/3
  1242 | D:2      | Reached skill level 1 in Armour
  1424 | D:2      | Gained mutation: You are partially covered in sharp spines. [demonic ancestry]
  1424 | D:2      | Reached XP level 4. HP: 27/34 MP: 4/4
  1617 | D:2      | You fall through a shaft for 2 floors!
  1683 | D:4      | Found a sacrificial altar of Ru.
  1921 | D:3      | Found a glowing golden altar of the Shining One.
  1954 | D:3      | Reached skill level 4 in Axes
  2419 | D:3      | Reached XP level 5. HP: 12/41 MP: 5/5
  2421 | D:3      | HP: 2/41 [orc priest/divine providence (11)]
  2424 | D:3      | Killed from afar by an orc priest

Action                   |  1- 3 |  4- 6 || total
-------------------------+-------+-------++-------
Melee: War axe           |   125 |    46 ||   171
  Use: Scroll            |       |     4 ||     4
       Potion            |       |     1 ||     1
 Stab: Distracted        |     2 |       ||     2
       Sleeping          |     1 |       ||     1
  Eat: Chunk             |     2 |       ||     2
       Royal jelly       |       |     1 ||     1
